 Dungeon Crawl Stone Soup version 0.30-b1-2-g02819fbbbe (webtiles) character file.

Game seed: 9069349141709130233

2163 MajorAdolf the Cleaver (level 9, -5/58 (68) HPs)
             Began as a Naga Wanderer on Oct 6, 2023.
             Slain by an ogre
             ... wielding a +0 giant club
              (14 damage)
             ... on level 7 of the Dungeon.
             The game lasted 00:11:04 (8026 turns).

MajorAdolf the Cleaver (Naga Wanderer)              Turns: 8026, Time: 00:11:04

HP:   -5/58 (68)    AC:  7    Str: 21    XL:     9   Next: 32%
MP:   7/16          EV:  8    Int: 13    God:
Gold: 362           SH:  0    Dex:  8    Spells: 14/18 levels left

rFire   . . .        c - +3 war axe
rCold   . . .        (no shield)
rNeg    . . .        r - +2 ring mail {Will+}
rPois   +            (no helmet)
rElec   .            (no cloak)
rCorr   .            (no gloves)
SInv    +            (no barding)
Will    ++...        (no amulet) Stlth
                     (no ring)
HPRegen 0.29/turn    (no ring)
MPRegen 0.15/turn

%: no passive effects
@: short of breath, very slightly contaminated, heavily drained, very slow
A: AC +3, large, see invisible, deformed body, poison resistance, slowness 2,
spit poison 1, naga tail 1
a: Spit Poison


You were on level 7 of the Dungeon.
You visited 1 branch of the dungeon, and saw 7 of its levels.

You collected 362 gold pieces.

Inventory:

Hand Weapons
 c - a +3 war axe (weapon)
Armour
 d - a +0 leather armour
 r - a +2 ring mail of willpower (worn)
Jewellery
 m - a ring of ice
 p - a ring of ice
 y - a ring of flight
Wands
 g - a wand of digging (8)
 n - a wand of flame (39)
Scrolls
 e - 9 scrolls of identify {unknown}
 h - 2 scrolls of brand weapon {unknown}
 i - a scroll of immolation {unknown}
 k - a scroll of summoning
 v - a scroll of vulnerability {unknown}
 z - a scroll of silence {unknown}
Potions
 a - a potion of magic {unknown}
 j - a potion of heal wounds {unknown}
 o - 2 potions of curing {unknown}
 q - a potion of brilliance {unknown}
 s - a potion of flight {unknown}
 t - 2 potions of might
 w - a potion of haste {unknown}
 x - a potion of berserk rage {unknown}
 B - a potion of invisibility {unknown}
Miscellaneous
 b - a piece from Xom's chessboard (15/15)


   Skills:
 + Level 8.7 Axes
 - Level 5.0 Spellcasting
 + Level 4.7 Conjurations
 + Level 4.7 Air Magic
 - Level 7.0 Poison Magic
 - Level 2.0 Evocations


You had 14 spell levels left.
You knew the following spells:

 Your Spells              Type           Power      Damage    Failure   Level
a - Sting                 Tmut/Pois      48%        1d5       8%          1
b - Mephitic Cloud        Conj/Pois/Air  17%        N/A       10%         3

Your spell library contained the following spells:

 Spells                   Type           Power      Damage    Failure   Level
 Magic Dart               Conj           60%        1d6       4%          1
 Static Discharge         Conj/Air       30%        2-4/arc   7%          2
 Spider Form              Tmut/Pois      12%        N/A       22%         3
 Airstrike                Air            7%         2d(2-18)  41%         4
 Call Imp                 Summ           6%         N/A       43%         2
 Summon Guardian Golem    Hex/Summ       3%         N/A       67%         3
 Volatile Blastmotes      Fire/Tloc      6%         2d10      67%         3
 Fulminant Prism          Conj/Hex       4%         3d5       75%         4
 Iskenderun's Mystic Bla  Conj/Tloc      9%         2d4       75%         4
 Summon Lightning Spire   Summ/Air       9%         N/A       75%         4
 Lee's Rapid Deconstruct  Erth           1%         3d4*      100%        5
 Orb of Destruction       Conj           7%         9d6       100%        7
 Spellforged Servitor     Conj/Summ      4%         N/A       100%        7


Dungeon Overview and Level Annotations

Branches:
Dungeon (7/15)             Temple (0/1) D:7

Altars:
Elyvilon
Uskayaw


Innate Abilities, Weirdness & Mutations

Your serpentine skin is tough. (AC +3)
You have supernaturally acute eyesight. (SInv)
Armour fits poorly on your strangely shaped body.
Your system is resistant to poisons. (rPois)
You cover ground very slowly.
You can spit poison.
You have a snake-like lower body.


Message History

Aiming: Sting (safe; 8% risk of failure)
Press: ? - help, Shift-Dir - straight line, f/p - ogre
Aim: an ogre, wielding a +0 giant club (lightly wounded, confused, poisoned, 98% to hit)
The sting hits the ogre.
The ogre looks even sicker.
The ogre is lightly wounded.
Unknown command.
Casting: Sting (safe; 8% risk of failure)
Confirm with . or Enter, or press ? or * to list all spells.
Aiming: Sting (safe; 8% risk of failure)
Press: ? - help, Shift-Dir - straight line, f - bullfrog, p - ogre
Aim: a bullfrog (64% to hit)
You miscast Sting.
You are very lightly contaminated with residual magic.
Nothing appears to happen.
Unknown command.
Casting: Sting (safe; 8% risk of failure)
Confirm with . or Enter, or press ? or * to list all spells.
Aiming: Sting (safe; 8% risk of failure)
Press: ? - help, Shift-Dir - straight line, f - ogre, p - bullfrog
Aim: an ogre, wielding a +0 giant club (moderately wounded, confused, very poisoned, 98% to hit)
The sting hits the ogre.
The ogre looks even sicker.
The ogre is heavily wounded.
The bullfrog hits you but does no damage.
The bullfrog barely misses you.
Casting: Sting (safe; 8% risk of failure)
Confirm with . or Enter, or press ? or * to list all spells.
Aiming: Sting (safe; 8% risk of failure)
Press: ? - help, Shift-Dir - straight line, f/p - ogre
Aim: an ogre, wielding a +0 giant club (heavily wounded, confused, very poisoned, 98% to hit)
The sting hits the ogre but does no damage.
The ogre looks as sick as possible!
The ogre is heavily wounded.
The ogre seems less confused.
The bullfrog hits you but does no damage.
Unknown command.
You hit the ogre.
The ogre is severely wounded.
You hit the bullfrog but do no damage. The bullfrog barely misses you.
The ogre hits you with a +0 giant club!
You die...

# .. #############.^.
#....@..........
#....FO......#...
#..............#
#..............#
#..............#
#........[......#######
#.....................##
...................<...#
#.......)...<.....)[.#


You could see an ogre (extremely poisoned) and a bullfrog.

Vanquished Creatures
  Grinder (D:5)
  A water moccasin (D:6)
  Duvessa (D:7)
  A black bear (D:4)
  An ice beast (D:5)
  2 orc warriors
  An ogre (D:4)
  3 bullfrogs
  A scorpion (D:7)
  Dowan (D:7)
  5 wights
  2 howler monkeys (D:7)
  3 orc priests (D:7)
  2 jellies
  5 hounds
  3 iguanas
  3 orc wizards
  3 gnolls (D:7)
  9 adders
  2 worms
  A dart slug (D:2)
  23 orcs
  3 endoplasms
  5 giant cockroaches
  6 goblins
  5 hobgoblins
  8 jackals
  6 quokkas
  6 ball pythons
  4 bats
  3 frilled lizards
  6 kobolds
  3 rats
129 creatures vanquished.

Vanquished Creatures (others)
  A fungus (D:7)
  3 plants (D:3)
4 creatures vanquished.

Grand Total: 133 creatures vanquished

Notes
Turn   | Place    | Note
-------+----------+-------------------------------------------
     0 | D:1      | MajorAdolf the Naga Wanderer began the quest for the Orb.
     0 | D:1      | MajorAdolf set off with the following items: a +2 hand axe,
                  | a piece from Xom's chessboard (15/15), a potion of
                  | lignification, a +0 leather armour; and the following spell
                  | memorised: Sting; and the following spells available to
                  | memorise: Spider Form.
     0 | D:1      | Reached XP level 1. HP: 15/15 MP: 6/6
   227 | D:1      | Reached skill level 1 in Poison Magic
   324 | D:1      | Reached XP level 2. HP: 22/22 MP: 6/8
  1170 | D:2      | Reached XP level 3. HP: 22/28 MP: 2/9
  1728 | D:2      | Reached skill level 4 in Axes
  1759 | D:2      | Reached XP level 4. HP: 32/36 MP: 8/11
  2201 | D:3      | Found a white marble altar of Elyvilon.
  2442 | D:3      | Found a hide-covered altar of Uskayaw.
  2648 | D:3      | You fall into a shaft and drop 3 floors!
  2730 | D:6      | Noticed a water moccasin
  2747 | D:6      | Killed a water moccasin
  2748 | D:6      | Reached XP level 5. HP: 16/42 MP: 1/12
  2758 | D:6      | Reached skill level 5 in Axes
  2939 | D:5      | Entered Level 5 of the Dungeon
  3000 | D:5      | Reached skill level 5 in Poison Magic
  3010 | D:5      | Reached XP level 6. HP: 43/49 MP: 1/13
  3368 | D:5      | Noticed Grinder
  3427 | D:5      | Killed Grinder
  3428 | D:5      | Reached skill level 6 in Axes
  3428 | D:5      | Reached XP level 7. HP: 17/55 MP: 5/14
  4178 | D:4      | Reached skill level 7 in Axes
  4321 | D:4      | Learned a level 3 spell: Mephitic Cloud
  4380 | D:4      | Reached skill level 1 in Conjurations
  4380 | D:4      | Reached skill level 1 in Air Magic
  4380 | D:4      | Reached XP level 8. HP: 25/62 MP: 9/15
  6653 | D:7      | Reached skill level 8 in Axes
  7360 | D:7      | Reached XP level 9. HP: 36/68 MP: 16/16
  7663 | D:7      | Found a staircase to the Ecumenical Temple.
  7966 | D:7      | Noticed Duvessa
  7966 | D:7      | Noticed Dowan
  7993 | D:7      | Killed Duvessa
  8005 | D:7      | HP: 2/59 [Dowan/+4 dagger of draining (3)]
  8006 | D:7      | Killed Dowan
  8026 | D:7      | Slain by an ogre

Illustrated notes

Levels and vault maps discovered:
D:1:      psy_arrival_wood_between_worlds, layout_basic
D:2:      layout_basic
D:3:      layout_loops_cross, minitemple, eat_drink_and_be_merry_uskayaw,
          nicolae_elyvilon_temple_path, uniq_natasha
D:4:      minmay_angry_zag, layout_gridville
D:5:      layout_basic, hangedman_decor_points, uniq_grinder
D:6:      layout_basic
D:7:      layout_rooms, minmay_temple_entry_statues, enter_bailey_2,
          uniq_duvessa, uniq_crazy_yiuf_cottage

Skill      XL: |  1  2  3  4  5  6  7  8  9 |
---------------+----------------------------+-----
Poison Magic   | 1 2 3 4 5 6 7 |  7.0
Axes           | 4 5 6 7 8 |  8.7
Conjurations   | 1 3 4 |  4.7
Air Magic      | 1 3 4 |  4.7
Spellcasting   | |  5.0
Evocations     | |  2.0

Action                     |  1- 3 |  4- 6 |  7- 9 || total
---------------------------+-------+-------+-------++-------
  Melee: Hand axe          |    13 |    64 |   144 ||   221
         War axe           |       |       |   116 ||   116
         Punch             |       |       |     6 ||     6
   Cast: Sting             |    64 |    58 |    37 ||   159
         Mephitic Cloud    |       |       |     8 ||     8
Ability: Spit Poison       |     3 |    11 |     6 ||    20
  Evoke: Wand              |       |     2 |       ||     2
    Use: Potion            |       |     1 |     1 ||     2
         Scroll            |       |       |     4 ||     4
   Stab: Confused          |       |       |     1 ||     1
 Armour: Leather armour    |    17 |    15 |       ||    32
         Skin              |       |    12 |     3 ||    15
         Ring mail         |       |    36 |   100 ||   136
  Dodge: Dodged            |    44 |    45 |   125 ||   214
